 Dungeon Crawl Stone Soup version 0.26.0-45-g9c1d065592 (webtiles) character file.

Game seed: 4246155851916044757

17693 sizableburger the Destroyer (level 12, -9/101 HPs)
             Began as a Pale Draconian Conjurer on Jan 31, 2021.
             Was a Believer of Ashenzari.
             Mangled by a five-headed hydra (10 damage)
             ... on level 2 of the Lair of Beasts.
             The game lasted 01:01:30 (18252 turns).

sizableburger the Destroyer (DrCj)                 Turns: 18252, Time: 01:01:31

Health: -9/101     AC: 14    Str: 11    XL:     12   Next: 21%
Magic:  15/16      EV: 15    Int: 22    God:    Ashenzari [**....]
Gold:   856        SH:  0    Dex: 10    Spells: 4/17 levels left

rFire    . . .     SeeInvis .   v - +9 staff of Olgreb {rPois∞} (curse)
rCold    . . .     Faith    .   (no shield)
rNeg     . . .     Spirit   .   (armour unavailable)
rPois    ∞         Reflect  .   (helmet restricted)
rElec    .         Harm     .   (no cloak)
rCorr    .         Rampage  .   h - +1 pair of gloves (curse)
Will     .....                  q - +2 pair of boots (curse)
Stlth    ++++......             C - amulet of regeneration (curse)
HPRegen  0.66/turn              j - ring of stealth (curse)
MPRegen  0.15/turn              r - ring of stealth (curse)

@: no status effects
A: breathe steam, unfitting armour, robust 1, shaggy fur 1, cold-blooded, AC +8
a: Breathe Steam, Renounce Religion, Curse Item, Scrying


You were on level 2 of the Lair of Beasts.
You worshipped Ashenzari.
Ashenzari was pleased with you.
You visited 3 branches of the dungeon, and saw 14 of its levels.

You collected 872 gold pieces.
You spent 16 gold pieces at shops.

Inventory:

Hand Weapons
 v - the cursed +9 staff of Olgreb (weapon) {rPois∞}
   (You found it on level 5 of the Dungeon)

   It grants immunity to poison.
   It has a curse placed upon it.
Armour
 h - a cursed +1 pair of gloves (worn)
 q - a cursed +2 pair of boots (worn)
Jewellery
 j - a cursed ring of stealth (left hand)
 r - a cursed ring of stealth (right hand)
 s - an uncursed ring of fire
 C - a cursed amulet of regeneration (around neck)
 E - the ring of Vanoiwiw {Ice Str+5 Slay+2}
   (You found it on level 9 of the Dungeon)

   [ring of ice]

   It enhances your ice magic.
   It affects your strength (+5).
   It affects your accuracy and damage with ranged weapons and melee attacks
   (+2).
   It makes you vulnerable to fire.
   It protects you from cold.
Wands
 f - a wand of digging (6)
 o - a wand of flame (21)
 y - a wand of acid (11)
 G - a wand of random effects (10)
 I - a wand of disintegration (14)
Scrolls
 b - 5 scrolls of enchant weapon
 c - 8 scrolls of remove curse
 g - 2 scrolls of immolation
 i - 5 scrolls of teleportation
 k - 2 scrolls of amnesia
 m - 2 scrolls of fear
 p - 8 scrolls of identify
 x - a scroll of fog
 F - a scroll of blinking {unknown}
 H - a scroll of holy word {unknown}
 J - a scroll of magic mapping {unknown}
 K - a scroll of random uselessness {unknown}
Potions
 a - 3 potions of haste
 d - 2 potions of brilliance
 e - 3 potions of curing
 l - 2 potions of attraction
 n - a potion of mutation
 t - 2 potions of cancellation
 u - 2 potions of flight {unknown}
 w - 3 potions of lignification {unknown}
 z - a potion of might
 B - a potion of berserk rage {unknown}
Miscellaneous
 D - a tin of tremorstones (2/2)


   Skills:
 + Level 4.7 Fighting
 + Level 7.5(9.0) Staves
 - Level 7.0 Dodging
 - Level 1.7 Stealth
 - Level 3.0 Spellcasting
 - Level 11.4(13.4) Conjurations
 - Level 9.0(11.2) Hexes
 + Level 0.1(0.4) Necromancy
 + Level 8.6(11.5) Evocations


You had 4 spell levels left.
You knew the following spells:

 Your Spells              Type           Power        Failure   Level
a - Magic Dart            Conj           100%         1%          1
b - Searing Ray           Conj           100%         1%          2
c - Fulminant Prism       Conj/Hex       27%          1%          4
d - Dazzling Flash        Conj/Hex       100%         1%          3
e - Vampiric Draining     Necr           2%           30%         3

Your spell library contained the following spells:

 Spells                   Type           Power        Failure   Level
 Corona                   Hex            56%          1%          1
 Iskenderun's Mystic Bla  Conj/Tloc      33%          8%          4
 Animate Skeleton         Necr           10%          11%         1
 Apportation              Tloc           8%           11%         1
 Beastly Appendage        Tmut           8%           11%         1
 Pain                     Necr           20%          11%         1
 Summon Small Mammal      Summ           16%          11%         1
 Wereblood                Tmut           4%           17%         2
 Spider Form              Tmut/Pois      3%           32%         3
 Animate Dead             Necr           2%           71%         4
 Ice Form                 Ice/Tmut       4%           73%         4
 Agony                    Necr           5%           96%         5
 Blade Hands              Tmut           2%           97%         5


Dungeon Overview and Level Annotations

Branches:
Dungeon (11/15)            Temple (1/1) D:7            Lair (2/6) D:10
  Swamp: Lair:2-4    Shoals: Lair:2-4     Snake: Lair:2-4    Spider: Lair:2-4
    Orc: D:9-12

Altars:
Ashenzari
Cheibriados
Dithmenos
Elyvilon
Fedhas
Gozag
Hepliaklqana
Kikubaaqudgha
Makhleb
Nemelex Xobeh
Okawaru
Qazlal
Ru
Sif Muna
Trog
Uskayaw
Vehumet
Wu Jian
Xom
Yredelemnul
Zin
The Shining One

Shops:
D:5 [   D:8 }

Annotations:
D:5 1 runed translucent door
D:10 3 runed translucent doors, shummie's ghost, novice DDFi
D:11 exclusion: obsidian statue


Innate Abilities, Weirdness & Mutations

You can breathe blasts of scalding, opaque steam.
Your pale cyan-grey scales are hard. (AC +8)
You cannot fit into any form of body armour.
You are cold-blooded and may be slowed by cold attacks.
You are robust. (+10% HP)
You are covered in fur. (AC +1)


Message History

Okay, then.
You feel much better. The swamp worm bites you!
The five-headed hydra bites you. x2
The five-headed hydra barely misses you.
The five-headed hydra bites you.
* * * LOW HITPOINT WARNING * * *
The five-headed hydra bites you!
* * * LOW HITPOINT WARNING * * *
The swamp worm bites you!
* * * LOW HITPOINT WARNING * * *
Okay, then.
Okay, then.
The swamp worm fires a harpoon shot at you.
The harpoon shot hits you.
* * * LOW HITPOINT WARNING * * *
You are yanked forward by the harpoon shot.
The five-headed hydra bites you.
* * * LOW HITPOINT WARNING * * *
The five-headed hydra misses you. The five-headed hydra bites you!
You die...

..........## ♣♣...♣♣♣♣
##... ...........#
♣...≈≈≈≈♣♣ *#P...
...........## ♣♣≈≈≈≈≈≈≈♣
##... ............#
♣♣≈≈≈≈≈≈≈≈♣* ,*#...
............# ♣...≈≈≈≈≈≈♣
*##.. .....(.>....#
♣♣..♣♣♣♣♣♣♣ #..
....>......## ♣F.#♣.....
*#.
...........#####Dw.......
,
............##.#@F.......,
..........#####...#......
**
..........###....####....
.....<...###.#..#.# ##.. ,
#.......##.#...### .
#.##.....P##...## *,,
#.....####...#* , ,
**#P....###...#.### *
*#......##.......# * ,


You could see a five-headed hydra, 2 cane toads and a swamp worm.

Vanquished Creatures
  A hydra (Lair:1)
  2 two-headed ogres
  A centaur warrior (D:9)
  A harpy (D:9)
  A black mamba (Lair:1)
  2 cane toads
  A rime drake (Lair:1)
  3 komodo dragons
  A troll (D:9)
  8 blink frogs
  Grinder (D:3)
  The ghost of thiole the Changer, an amateur OpVM (D:4)
  2 wyverns
  17 yaks
  2 basilisks
  2 wargs (D:10)
  Menkaure (D:5)
  3 soldier ants (D:5)
  A swamp worm (Lair:2)
  9 water moccasins
  Purgy (D:2)
  3 black bears
  4 ice beasts
  4 orc warriors
  3 sky beasts
  2 ogres
  4 necrophages (D:8)
  4 centaurs
  2 big kobolds
  12 bullfrogs
  A gnoll sergeant (D:8)
  15 killer bees
  6 wights
  5 howler monkeys
  2 bullfrog zombies
  A quasit (D:11)
  7 orc priests
  9 hounds
  2 jellies
  A centaur skeleton (D:6)
  A gnoll shaman (D:8)
  2 bullfrog skeletons (D:10)
  3 iguanas
  12 worker ants
  3 orc wizards
  A killer bee zombie (D:6)
  A hound zombie (D:11)
  4 hound skeletons
  12 gnolls
  14 adders
  2 white imps
  4 ufetubi
  2 oozes (D:7)
  An adder skeleton (D:8)
  2 adder zombies (D:8)
  4 worms
  5 dart slugs
  5 leopard geckos
  25 orcs
  6 giant cockroaches
  6 goblins
  5 hobgoblins
  11 jackals
  4 quokkas
  2 bats (D:1)
  2 frilled lizards
  A jackal zombie (D:8)
  19 kobolds
  A leopard gecko skeleton (D:6)
  5 rats
  A fulminant prism (D:6)
314 creatures vanquished.

Vanquished Creatures (others)
  A bush (D:8)
  39 fulminant prisms
  8 fungi
  18 plants
  A withered plant (D:4)
67 creatures vanquished.

Grand Total: 381 creatures vanquished

Notes
Turn   | Place    | Note
-------+----------+-------------------------------------------
     0 | D:1      | sizableburger the Draconian Conjurer began the quest for
                  | the Orb.
     0 | D:1      | Reached XP level 1. HP: 14/14 MP: 3/3
   185 | D:1      | Reached XP level 2. HP: 20/20 MP: 0/5
   243 | D:1      | Learned a level 2 spell: Searing Ray
  1186 | D:2      | Reached XP level 3. HP: 21/26 MP: 2/6
  2177 | D:3      | Reached XP level 4. HP: 33/33 MP: 2/8
  2182 | D:3      | Learned a level 4 spell: Fulminant Prism
  2500 | D:3      | Found a faded altar of an unknown god.
  2617 | D:3      | Noticed Purgy
  2792 | D:2      | Killed Purgy
  2793 | D:2      | Reached skill level 5 in Conjurations
  2793 | D:2      | Reached skill level 1 in Hexes
  2793 | D:2      | Reached XP level 5. HP: 19/38 MP: 1/9
  3634 | D:3      | Noticed Grinder
  3650 | D:4      | You fall into a shaft and drop 3 floors!
  3823 | D:7      | Noticed a black bear
  3833 | D:7      | Killed a black bear
  3834 | D:7      | Reached XP level 6. HP: 34/45 MP: 1/10
  4075 | D:8      | Gained mutation: You are robust. (+10% HP) [potion of
                  | mutation]
  4075 | D:8      | Gained mutation: You are covered in fur. (AC +1) [potion of
                  | mutation]
  4285 | D:8      | Your scales start taking on a pale cyan-grey colour.
  4285 | D:8      | Reached XP level 7. HP: 34/55 MP: 3/11
  4455 | D:9      | Reached skill level 6 in Conjurations
  4639 | D:9      | Found a sparkling altar of Nemelex Xobeh.
  4806 | D:8      | Learned a level 3 spell: Dazzling Flash
  4896 | D:8      | Found Qaidet's Gadget Emporium.
  5185 | D:7      | Reached skill level 5 in Dodging
  5251 | D:7      | Reached XP level 8. HP: 52/62 MP: 1/12
  5444 | D:5      | Entered Level 5 of the Dungeon
  5558 | D:5      | Found a runed translucent door.
  5669 | D:5      | Found Soizonuk's Armour Shoppe.
  5677 | D:5      | Bought a cursed +0 pair of boots for 16 gold pieces
  5820 | D:5      | Found the +9 staff of Olgreb {rPois∞}
  5839 | D:5      | Reached skill level 7 in Conjurations
  5949 | D:5      | Found a runed translucent gate.
  5949 | D:5      | Found a runed translucent gate.
  5950 | D:5      | Found a runed translucent door.
  6111 | D:5      | Found a runed translucent gate.
  6139 | D:5      | Noticed Menkaure
  6143 | D:5      | Killed Menkaure
  6144 | D:5      | Reached skill level 5 in Hexes
  6807 | D:5      | Reached XP level 9. HP: 57/68 MP: 1/13
  6967 | D:5      | Reached skill level 8 in Conjurations
  7636 | D:4      | Found a shimmering blue altar of Sif Muna.
  7805 | D:4      | Found a runed translucent door.
  7828 | D:4      | Noticed thiole's ghost (amateur OpVM)
  7838 | D:4      | Killed thiole's ghost
  7839 | D:4      | Reached skill level 1 in Staves
  7839 | D:4      | Reached skill level 1 in Evocations
  8789 | D:3      | Killed Grinder
  9524 | D:6      | Reached skill level 9 in Conjurations
 10203 | D:7      | Found a staircase to the Ecumenical Temple.
 10214 | D:7      | Reached XP level 10. HP: 75/75 MP: 14/14
 10222 | Temple   | Entered the Ecumenical Temple
 10704 | Temple   | Became a worshipper of Ashenzari the Shackled
 11594 | D:8      | Found a blossoming altar of Fedhas.
 12528 | D:9      | Noticed a harpy
 12537 | D:9      | Killed a harpy
 12729 | D:9      | Noticed a centaur warrior
 12731 | D:9      | Noticed a two-headed ogre
 12739 | D:9      | Killed a centaur warrior
 12740 | D:9      | Reached skill level 5 in Evocations
 12780 | D:9      | Killed a two-headed ogre
 12781 | D:9      | Reached skill level 5 in Staves
 12781 | D:9      | Reached skill level 10 in Conjurations
 13463 | D:9      | Identified the ring of Vanoiwiw {Ice Str+5 Slay+2}
 13870 | D:10     | Entered Level 10 of the Dungeon
 13911 | D:10     | Noticed shummie's ghost (novice DDFi)
 13911 | D:10     | Noticed a ten-headed hydra
 13912 | D:10     | Identified the +5 war axe "Mubrob" {protect, +Fly rElec}
 13912 | D:10     | Found a runed translucent gate.
 13912 | D:10     | Found a runed translucent gate.
 13912 | D:10     | Found a runed translucent gate.
 13936 | D:10     | Noticed a two-headed ogre
 13941 | D:10     | Killed a two-headed ogre
 13942 | D:10     | Reached XP level 11. HP: 62/81 MP: 5/15
 14086 | D:10     | Found a staircase to the Lair.
 14200 | D:10     | Identified the cursed +1 falchion of Outrage {freeze, Str+3
                  | Stlth+}
 14203 | D:10     | Identified the +6 falchion "Onkenwut" {elec, Str+6}
 15020 | D:10     | Noticed a ten-headed hydra
 15182 | D:11     | Reached * piety under Ashenzari
 15517 | D:11     | Noticed an obsidian statue
 15519 | D:11     | Identified the +8 war axe of Naah {venom, Str+3}
 16135 | Lair:1   | Entered Level 1 of the Lair of Beasts
 16227 | Lair:1   | Reached skill level 1 in Fighting
 17095 | Lair:1   | Reached skill level 11 in Conjurations
 17291 | Lair:1   | Reached ** piety under Ashenzari
 17305 | Lair:1   | Noticed a seven-headed hydra
 17312 | Lair:1   | Killed a seven-headed hydra
 17576 | Lair:2   | Reached XP level 12. HP: 91/100 MP: 16/16
 18198 | Lair:2   | Learned a level 3 spell: Vampiric Draining
 18238 | Lair:2   | Noticed a five-headed hydra
 18248 | Lair:2   | HP: 3/101 [five-headed hydra (5)]
 18252 | Lair:2   | HP: 1/101 [five-headed hydra (3)]
 18252 | Lair:2   | Mangled by a five-headed hydra

Illustrated notes

Levels and vault maps discovered:
D:1:      minmay_arrival_shoal_huts, layout_basic, serial_bayou_lagoon_b
D:2:      layout_rooms, serial_park_tiny_pond, wad_orctagon
D:3:      layout_basic, chequers_ecumenical_altar_island,
          minmay_fractal_squares_5, uniq_grinder, uniq_purgy
D:4:      layout_loops_ring, general_overflow_altar, gammafunk_ghost_grave
D:5:      layout_basic, serial_shops, nicolae_shop_crystal,
          chequers_serial_rivers_room_b, minmay_guarded_unrand_staff_of_olgreb,
          uniq_menkaure
D:6:      layout_loops_ring, chequers_hall_statues_wall_a, minmay_bent
D:7:      layout_loops_corners, minmay_temple_entry_offerings,
          kennysheep_generic_room_10
D:8:      layout_basic, serial_shops, nicolae_shop_trees,
          fedhas_altar_decomposition
D:9:      minmay_the_grid_3x2 [minmay_the_grid_eight,
          minmay_the_grid_minigrid_small_alt, minmay_the_grid_minigrid_large,
          minmay_the_grid_outer_circle, minmay_the_grid_odd_star,
          minmay_the_grid_prize_inner_circle], layout_layer_cave,
          eino_small_chamber_without_monster, nemelex_spade_bored_becter
D:10:     layout_rooms, erik_lair_orcish_takeover, gammafunk_ghost_hydra_chop
D:11:     layout_grid_maze, minmay_protected_statue
Temple:   minmay_crystal_snake_temple
Lair:1:   layout_regular_city, grunt_megastairs_1
Lair:2:   layout_cave_pods, palyth_hydra_swamp_entry

Skill      XL: |  1  2  3  4  5  6  7  8  9 10 11 12 |
---------------+-------------------------------------+-----
Dodging        | 2 3 4 5 6 7 |  7.0
Spellcasting   | 3 |  3.0
Conjurations   | 5 6 7 9 10 11 | 11.4
Hexes          | 1 2 3 4 5 7 8 9 |  9.0
Staves         | 2 5 7 |  7.5
Evocations     | 3 6 8 |  8.6
Fighting       | 3 4 |  4.7
Stealth        | |  1.7
Necromancy     | |  0.1

Action                   |  1- 3 |  4- 6 |  7- 9 | 10-12 || total
-------------------------+-------+-------+-------+-------++-------
Melee: Unarmed           |     9 |    59 |    15 |       ||    83
       Tailslap          |       |       |     7 |    20 ||    27
       Staff             |       |       |   104 |   290 ||   394
 Cast: Magic Dart        |    41 |     7 |     5 |       ||    53
       Searing Ray       |    12 |    29 |    63 |    42 ||   146
       Fulminant Prism   |       |       |    10 |    30 ||    40
       Dazzling Flash    |       |       |       |     5 ||     5
Invok: Curse Item        |       |       |       |     5 ||     5
 Abil: Breathe Steam     |       |       |     2 |     4 ||     6
Evoke: Staff of Olgreb   |       |       |     1 |     3 ||     4
  Use: Potion            |       |     8 |     2 |     3 ||    13
       Scroll            |       |     6 |     9 |     1 ||    16
 Stab: Sleeping          |       |       |     2 |     5 ||     7
       Distracted        |       |       |       |     1 ||     1
Armor: Skin              |     7 |    46 |    78 |   152 ||   283
Dodge: Dodged            |    11 |   100 |   167 |   288 ||   566
